 Dungeon Crawl Stone Soup version 0.27.1-33-g824d729ab1 (webtiles) character file.

Game seed: 18096818393071108431

156 zeram the Chopper (level 5, 0/45 HPs)
             Began as a Hill Orc Fighter on Dec 28, 2021.
             Slain by Edmund (6 damage)
             ... on level 4 of the Dungeon.
             The game lasted 00:02:53 (2663 turns).

zeram the Chopper (Hill Orc Fighter)                Turns: 2663, Time: 00:02:54

Health: 0/45       AC:  8    Str: 20    XL:     5   Next: 38%
Magic:  5/5        EV:  7    Int:  8    God:
Gold:   129        SH:  9    Dex: 10    Spells: 4/4 levels left

rFire    + . .     SeeInvis .   a - +1 war axe
rCold    + . .     Faith    .   c - +0 kite shield
rNeg     . . .     Spirit   .   b - +0 scale mail
rPois    +         Reflect  .   (no helmet)
rElec    +         Harm     .   (no cloak)
rCorr    +         Rampage  .   d - +0 pair of gloves
Will     .....                  (no boots)
Stlth    ..........             (no amulet)
HPRegen  0.15/turn              (no ring)
MPRegen  0.09/turn              (no ring)

@: resistant
A: no striking features
a: no special abilities


You were on level 4 of the Dungeon.
You visited 1 branch of the dungeon, and saw 4 of its levels.

You collected 129 gold pieces.

Inventory:

Hand Weapons
 a - a +1 war axe (weapon)
Armour
 b - a +0 scale mail (worn)
 c - a +0 kite shield (worn)
 d - a +0 pair of gloves (worn)
Wands
 i - a wand of charming (12)


   Skills:
 - Level 3.6 Fighting
 + Level 5.0 Axes
 + Level 4.2 Armour
 + Level 0.9 Dodging
 + Level 4.3 Shields


You had 4 spell levels left.
You didn't know any spells.
Your spell library was empty.

Dungeon Overview and Level Annotations

Branches:
Dungeon (4/15)
 Temple: D:4-7

Altars:
Fedhas
Makhleb

Annotations:
D:4 Edmund


Message History

Edmund is severely wounded.
Edmund hits you with a +0 flail of protection.
You closely miss Edmund.
Edmund is severely wounded.
Edmund hits you with a +0 flail of protection.
You barely miss Edmund.
Edmund is severely wounded.
Edmund hits you but does no damage.
Edmund hits you with a +0 flail of protection.
You barely miss Edmund.
Edmund is severely wounded.
Edmund barely misses you.
You closely miss Edmund.
Edmund is severely wounded.
Edmund hits you with a +0 flail of protection.
Edmund hits you but does no damage.
You hit Edmund.
Edmund is severely wounded.
Edmund hits you with a +0 flail of protection.
* * * LOW HITPOINT WARNING * * *
You closely miss Edmund.
Edmund is severely wounded.
Edmund barely misses you.
Edmund gestures with his flail.
You block Edmund's attack.
You slash Edmund!
Edmund is almost dead.
Edmund hits you with a +0 flail of protection.
* * * LOW HITPOINT WARNING * * *
You hit Edmund.
Edmund is almost dead.
You block Edmund's attack. Edmund hits you but does no damage.
You hit Edmund.
Edmund is almost dead.
You block Edmund's attack.
You hit Edmund but do no damage.
Edmund is almost dead.
You block Edmund's attack.
Edmund hits you with a +0 flail of protection.
You die...

##........#.#.#
##.......#.#.#
##..........#
##.#...#.###
##......#####
..[)....#........#
#########..#####.
#>.#####.
#@$...>..
#...@†.......
#.#......#.#.
............
..#..........
#..#.....##.## #.
....... ... .
...##...# #.


You could see Edmund.

Vanquished Creatures
  A hound (D:4)
  An iguana (D:3)
  3 adders
  2 dart slugs (D:4)
  An orc (D:2)
  2 bats
  6 endoplasms
  5 giant cockroaches
  3 goblins
  7 hobgoblins
  3 jackals (D:1)
  8 kobolds
  3 quokkas
  7 ball pythons
  5 frilled lizards
  7 rats
64 creatures vanquished.

Notes
Turn   | Place    | Note
-------+----------+-------------------------------------------
     0 | D:1      | zeram the Hill Orc Fighter began the quest for the Orb.
     0 | D:1      | Reached XP level 1. HP: 19/19 MP: 1/1
    84 | D:1      | Reached skill level 3 in Axes
    84 | D:1      | Reached XP level 2. HP: 23/26 MP: 2/2
   325 | D:1      | Reached XP level 3. HP: 23/31 MP: 3/3
   697 | D:2      | Found a faded altar of an unknown god.
  1324 | D:2      | Found a burning altar of Makhleb.
  1372 | D:2      | Reached skill level 4 in Axes
  1430 | D:2      | Reached XP level 4. HP: 39/39 MP: 4/4
  1669 | D:3      | Found a blossoming altar of Fedhas.
  2630 | D:4      | Noticed Edmund
  2635 | D:4      | Reached XP level 5. HP: 37/45 MP: 5/5
  2641 | D:4      | Reached skill level 5 in Axes
  2663 | D:4      | Slain by Edmund

Illustrated notes

Levels and vault maps discovered:
D:1:      lightli_arrival_noodles, layout_rooms
D:2:      layout_loops_ring, basic_altar,
          shapermc_ecumenical_altar_starsandcircs, chequers_arboretum
D:3:      layout_loops_cross, old_standard_altar
D:4:      layout_loops_ring, kennysheep_vampire_church, uniq_edmund

Skill      XL: |  1  2  3  4  5 |
---------------+----------------+-----
Axes           | 3 4 5 |  5.0
Shields        | 4 |  4.3
Armour         | 4 |  4.2
Fighting       | |  3.6
Dodging        | |  0.9

Action                   |  1- 3 |  4- 6 || total
-------------------------+-------+-------++-------
Melee: War axe           |   113 |    87 ||   200
  Use: Scroll            |     1 |     3 ||     4
       Potion            |       |     4 ||     4
Armor: Scale mail        |    55 |    30 ||    85
Dodge: Dodged            |    35 |    24 ||    59
Block: Kite shield       |    53 |    60 ||   113
